 Dungeon Crawl Stone Soup version 0.20-a0-792-g09bcfd3 (webtiles) character file.

28961 FrankyJ the Thaumaturge (level 13, -2/68 HPs)
             Began as a Gargoyle Fire Elementalist on Mar 1, 2017.
             Was a High Priest of Vehumet.
             Slain by a troll (8 damage)
             ... led by an orc warlord
             ... on level 2 of the Orcish Mines on Mar 2, 2017.
             The game lasted 02:04:30 (24634 turns).

FrankyJ the Thaumaturge (GrFE)                     Turns: 24634, Time: 02:04:30

Health: -2/68      AC: 13    Str: 17    XL:     13   Next: 42%
Magic:  5/37       EV: 17    Int: 20    God:    Vehumet [*****.]
Gold:   1437       SH:  0    Dex: 14    Spells: 3/35 levels left

rFire    . . .     SeeInvis .   Q - +3 trident (protect)
rCold    + . .     Gourm    .   I - +1 robe {Archmagi}
rNeg     + . .     Faith    +   (no shield)
rPois    ∞         Spirit   .   u - +0 helmet
rElec    +         Reflect  .   Z - scarf {rC+}
rCorr    .         Harm     .   (no gloves)
MR       .....                  (no boots)
Stlth    ++++......             b - amulet of faith
Regen    0.3/turn               z - +3 ring of dexterity
MPRegen  0.3/turn               j - ring of magical power

@: mighty
A: negative energy resistance 1, electricity resistance, unbreathing,
petrification resistance, rot immunity, AC +9
a: Renounce Religion


You were on level 2 of the Orcish Mines.
You worshipped Vehumet.
Vehumet was extremely pleased with you.
You were hungry.

You visited 4 branches of the dungeon, and saw 17 of its levels.
You also visited: Ossuary.

You collected 1437 gold pieces.

Inventory:

Hand Weapons
 M - a +3 antimagic demon trident
 Q - a +3 trident of protection (weapon)
 R - a +0 long sword of holy wrath
 V - a +0 dagger of venom
Missiles
 C - 18 tomahawks (quivered)
 H - 6 tomahawks of returning
Armour
 g - a +1 robe of fire resistance
 h - a +1 robe of magic resistance
 i - the +1 robe "Vonn" {rN+ Int+3}
   (You found it on level 9 of the Dungeon)

   It affects your intelligence (+3).
   It protects you from negative energy.
 u - a +0 helmet (worn)
 w - +0 steam dragon scales
 I - a +1 robe of the Archmagi (worn)
 X - the +2 scale mail of Marbles {Str+4}
   (You found it on level 12 of the Dungeon)

   It affects your strength (+4).
 Z - a scarf of cold resistance (worn)
Magical Staves
 J - an uncursed staff of summoning
Jewellery
 b - an amulet of faith (around neck)
 e - an uncursed ring of protection from fire
 j - a ring of magical power (left hand)
 x - an uncursed ring of protection from cold
 z - a +3 ring of dexterity (right hand)
 S - an uncursed ring of protection from cold
Wands
 a - a wand of flame (25/48)
 q - a wand of clouds (2/9)
 y - a wand of polymorph (0/24)
 A - a wand of lightning (3/15)
 B - a wand of clouds (0/9)
 F - a wand of lightning (2/15)
 G - a wand of paralysis (8/24)
 O - a wand of confusion (19/48)
 U - a wand of digging (7/24)
 W - a wand of random effects (13/48)
Scrolls
 f - 4 scrolls of recharging
 o - a scroll of teleportation
 v - 2 scrolls of remove curse
 D - a scroll of magic mapping
 Y - a scroll of fog
Potions
 l - 2 potions of curing
 n - 2 potions of resistance
 p - a potion of cancellation
 r - 5 potions of agility
 s - a potion of might
 E - a potion of invisibility
 L - 2 potions of magic
 P - a potion of flight
Books
 N - a book of Cantrips

   Spells                             Type                      Level
   a - Confusing Touch                Hexes                        1
   b - Animate Skeleton               Necromancy                   1
   c - Summon Small Mammal            Summoning                    1
   d - Apportation                    Translocation                1
Comestibles
 c - 9 bread rations
 d - 2 meat rations
 k - 6 chunks of flesh
 m - 15 royal jellies
 t - 9 fruits


   Skills:
 - Level 3.1 Fighting
 - Level 8.0 Dodging
 - Level 9.1 Stealth
 * Level 11.5 Spellcasting
 + Level 10.5 Conjurations
 - Level 10.0 Fire Magic
 - Level 3.0 Air Magic
 - Level 4.0 Earth Magic


You had 3 spell levels left.
You knew the following spells:

 Your Spells              Type           Power        Failure   Level  Hunger
a - Flame Tongue          Conj/Fire      #####        1%          1    None
b - Stone Arrow           Conj/Erth      ######       1%          3    None
c - Sticky Flame          Conj/Fire      ######..     1%          4    #......
d - Fireball              Conj/Fire      ######....   1%          5    ####...
e - Conjure Flame         Conj/Fire      ######..     1%          3    None
f - Sting                 Conj/Pois      ####         1%          1    None
g - Searing Ray           Conj           ######       1%          2    None
h - Ignite Poison         Fire/Tmut/Pois #####...     1%          3    None
i - Lightning Bolt        Conj/Air       ######....   3%          5    ####...
j - Bolt of Magma         Conj/Fire/Erth ######....   2%          5    ####...


Dungeon Overview and Level Annotations

Branches:
Dungeon (13/15)            Temple (1/1) D:5            Lair (1/6) D:11
    Orc (2/2) D:12            Elf (0/3) Orc:2
 Vaults: D:13-14

Altars:
Ashenzari
Dithmenos
Elyvilon
Fedhas
Gozag
Hepliaklqana
Kikubaaqudgha
Makhleb
Nemelex Xobeh
Okawaru
Qazlal
Ru
Sif Muna
Trog
Uskayaw
Vehumet
Xom
Yredelemnul
Zin
The Shining One
Beogh

Shops:
D:11 (   D:12 (   Orc:2 [}

Annotations:
D:3 SVVessel's ghost, amateur DrBe
D:7 DakAttack's ghost, novice DsGl
Lair:1 Thrkk's ghost, journeyman OgHu


Innate Abilities, Weirdness & Mutations

You are resistant to torment.
Your stone body is resilient. (AC +9)
You are immune to poison.
You resist negative energy. (rN+)
You are resistant to electric shocks. (rElec)
You can survive without breathing.
You are immune to petrification.
You are immune to rotting.


Message History

The orc warrior appears unharmed.
The orc warrior is heavily wounded.
The orc warrior is covered in liquid flames!
The orc warlord burns!
The orc warlord stops burning.
The orc warrior burns!
The orc warlord roars a battlecry!
The orc goes into a battle-frenzy!
Casting: Sticky Flame
Confirm with . or Enter, or press ? or * to list all spells.
Aiming: Sticky Flame
Press: ? - help, Shift-Dir - straight line, f - troll, p - orc warrior
Aim: a troll You feel a surge of power!
The sticky flame hits the troll.
The troll is lightly wounded.
The troll is covered in liquid flames!
The troll burns!
The orc warrior burns!
The orc warrior hits you with a dire flail!
* * * LOW HITPOINT WARNING * * *
The troll barely misses you. The troll claws you.
* * * LOW HITPOINT WARNING * * *
The troll claws you!
You die...

######## ###.##o#o##
##....ooT@.#
##......o#.##
#......o.###
#...#.).## ..###..
##.## ### .......
#oo.#####.##
.......##.....##...#
....#..........#...#
..................##


You could see an orc warlord, a troll (burning), an orc warrior (burning) and 4
orcs.

Vanquished Creatures
  Josephine (D:8)
  Snorg (D:10)
  Harold (D:10)
  3 two-headed ogres
  4 orc high priests (Orc:2)
  3 death yaks (D:10)
  An unseen horror (D:10)
  3 orc sorcerers
  A cyclops (Orc:1)
  A kobold demonologist (D:10)
  A hornet (D:10)
  7 trolls
  A polar bear (shapeshifter) (D:9)
  3 hippogriffs
  4 wraiths
  17 yaks
  A wyvern (D:9)
  5 hungry ghosts
  A steam dragon (D:11)
  9 wargs
  3 vampire mosquitoes (D:12)
  2 acid dragons
  A water moccasin (D:10)
  A porcupine (D:10)
  6 sky beasts
  A black bear (D:9)
  5 ice beasts
  5 orc warriors
  2 eyes of draining
  14 ogres
  4 phantoms
  A necrophage (D:6)
  8 centaurs
  A big kobold (D:9)
  An elf zombie (D:6)
  5 bullfrogs
  2 wyvern zombies
  2 wyvern skeletons
  2 scorpions
  6 killer bees
  6 wights
  8 howler monkeys
  4 electric eels
  2 crimson imps
  2 human zombies (D:6)
  9 jellies
  35 orc priests
  3 bullfrog skeletons
  4 bullfrog zombies
  A centaur zombie (Ossuary)
  4 hounds
  25 orc wizards
  4 centaur skeletons
  2 iron imps (D:4)
  Jessica (D:3)
  Natasha (thrice) (D:2)
  5 iguanas
  8 worker ants
  3 hell rats
  2 mummies (Ossuary)
  2 howler monkey zombies
  Robin (D:1)
  A howler monkey skeleton (D:7)
  7 adders
  6 gnolls
  A river rat (D:11)
  3 shadow imps
  8 oozes
  2 adder zombies
  3 worms
  4 dart slugs
  3 leopard geckos
  84 orcs
  5 bats
  3 giant cockroaches
  12 goblins
  17 hobgoblins
  8 jackals
  13 quokkas
  2 ball pythons (D:3)
  5 frilled lizards
  A hobgoblin zombie (Ossuary)
  14 kobolds
  A leopard gecko zombie (D:6)
  An orc skeleton (D:6)
  2 orc zombies (D:6)
  11 rats
491 creatures vanquished.

Notes
Turn   | Place    | Note
-------+----------+-------------------------------------------
     0 | D:1      | FrankyJ the Gargoyle Fire Elementalist began the quest for the Orb.
     0 | D:1      | Reached XP level 1. HP: 10/10 MP: 3/3
   330 | D:1      | Reached skill level 1 in Fighting
   477 | D:1      | Reached XP level 2. HP: 4/16 MP: 5/5
   705 | D:1      | Learned a level 2 spell: Throw Flame
  1334 | D:2      | Noticed Robin
  1356 | D:1      | Killed Robin
  1356 | D:1      | Reached XP level 3. HP: 13/22 MP: 5/6
  1928 | D:2      | Found a sacrificial altar of Ru.
  1947 | D:2      | Reached XP level 4. HP: 28/28 MP: 7/7
  2246 | D:2      | Noticed Natasha
  2253 | D:2      | Killed Natasha
  2475 | D:2      | Reached XP level 5. HP: 32/32 MP: 9/9
  2562 | D:2      | Noticed Natasha
  2567 | D:2      | Killed Natasha
  2567 | D:2      | Reached skill level 3 in Spellcasting
  2725 | D:2      | Found a shimmering altar of Xom.
  2777 | D:2      | Noticed Natasha
  3476 | D:3      | Found an iron altar of Okawaru.
  3483 | D:3      | Learned a level 4 spell: Sticky Flame
  3600 | D:3      | Noticed SVVessel's ghost (amateur DrBe)
  3694 | D:3      | Found a sparkling altar of Nemelex Xobeh.
  3807 | D:2      | Killed Natasha
  4055 | D:4      | Reached XP level 6. HP: 29/37 MP: 10/10
  4117 | D:5      | Entered Level 5 of the Dungeon
  4170 | D:3      | Reached skill level 5 in Conjurations
  4382 | D:4      | Noticed Grinder
  4569 | D:4      | Reached XP level 7. HP: 18/41 MP: 12/12
  4830 | D:4      | Reached skill level 4 in Spellcasting
  5033 | D:4      | Paralysed by Grinder for 6 turns
  5040 | D:4      | Noticed Grinder
  5040 | D:4      | Grinder changed into Grinder the iron imp
  5052 | D:4      | Killed Grinder the iron imp
  5670 | D:3      | Learned a level 5 spell: Fireball
  5674 | D:3      | Learned a level 3 spell: Conjure Flame
  5898 | D:3      | Noticed Jessica
  5905 | D:3      | Killed Jessica
  6581 | D:5      | Reached skill level 5 in Spellcasting
  6695 | D:5      | Noticed a hippogriff
  6707 | D:5      | Killed a hippogriff
  6707 | D:5      | Reached XP level 8. HP: 28/46 MP: 16/16
  6957 | D:5      | Found a shattered altar of Ashenzari.
  6980 | D:5      | Found an opulent altar of Gozag.
  7058 | D:5      | Found a staircase to the Ecumenical Temple.
  7064 | Temple   | Entered the Ecumenical Temple
  7280 | Temple   | Became a worshipper of Vehumet
  7623 | D:6      | Found an ancient bone altar of Kikubaaqudgha.
  7639 | D:6      | Reached skill level 5 in Fire Magic
  7678 | D:6      | Reached skill level 6 in Spellcasting
  7965 | D:6      | Found a sand-covered staircase.
  7976 | Ossuary  | Entered an ossuary
  8085 | Ossuary  | Noticed mobydollar's ghost (novice DsAK)
  8086 | Ossuary  | Reached * piety under Vehumet
  8086 | Ossuary  | Offered knowledge of Sting by Vehumet.
  8434 | D:6      | Found a stormy altar of Qazlal.
  8493 | D:6      | Learned a level 1 spell: Sting
  8749 | D:6      | Found a glowing golden altar of the Shining One.
  8892 | D:6      | Reached XP level 9. HP: 37/50 MP: 18/18
  9248 | D:7      | Noticed DakAttack's ghost (novice DsGl)
  9288 | D:7      | Noticed a two-headed ogre
  9449 | D:6      | Offered knowledge of Searing Ray by Vehumet.
  9453 | D:6      | Learned a level 2 spell: Searing Ray
  9461 | D:7      | Reached ** piety under Vehumet
  9536 | D:7      | Found a sparkling altar of Nemelex Xobeh.
 10064 | D:7      | Killed a two-headed ogre
 10064 | D:7      | Reached skill level 7 in Spellcasting
 10653 | D:7      | Found a deep blue altar of Sif Muna.
 11634 | D:8      | Noticed a troll
 11665 | D:8      | Killed a troll
 11688 | D:8      | Reached XP level 10. HP: 23/56 MP: 4/21
 12090 | D:8      | Offered knowledge of Ignite Poison by Vehumet.
 12090 | D:8      | Reached skill level 8 in Spellcasting
 12095 | D:8      | Learned a level 3 spell: Ignite Poison
 12809 | D:9      | Reached *** piety under Vehumet
 12872 | D:9      | Found a hazy altar of Hepliaklqana.
 13019 | D:9      | Offered knowledge of Stone Arrow by Vehumet.
 13477 | D:9      | Got a heavily jewelled robe
 13488 | D:9      | Identified the cursed +1 robe "Vonn" {rN+ Int+3} (You found it on level 9 of the Dungeon)
 13513 | D:9      | Learned a level 3 spell: Stone Arrow
 13885 | D:9      | Reached skill level 9 in Spellcasting
 13885 | D:9      | Reached skill level 10 in Fire Magic
 14556 | D:10     | Entered Level 10 of the Dungeon
 14559 | D:10     | Noticed Josephine
 14867 | D:8      | Killed Josephine
 14867 | D:8      | Reached skill level 5 in Dodging
 14867 | D:8      | Reached XP level 11. HP: 43/60 MP: 20/24
 14887 | D:8      | Reached **** piety under Vehumet
 15629 | D:10     | Offered knowledge of Airstrike by Vehumet.
 15837 | D:10     | Noticed Snorg
 15857 | D:10     | Killed Snorg
 16107 | D:10     | Killed an unseen horror
 16363 | D:10     | Noticed a two-headed ogre
 16372 | D:10     | Killed a two-headed ogre
 16428 | D:10     | You fall through a shaft for 3 floors!
 16442 | D:13     | Reached skill level 5 in Stealth
 16722 | D:12     | Found a staircase to the Orcish Mines.
 16733 | D:12     | Reached ***** piety under Vehumet
 16761 | D:12     | Offered knowledge of Lightning Bolt by Vehumet.
 16768 | D:12     | Learned a level 5 spell: Lightning Bolt
 16782 | D:12     | Got a jewelled scale mail
 16932 | D:12     | Identified the +2 scale mail of Marbles {Str+4} (You found it on level 12 of the Dungeon)
 17271 | D:12     | Found Aneogih's Antique Weapon Boutique.
 17600 | D:12     | Reached XP level 12. HP: 60/64 MP: 25/25
 17966 | D:12     | Reached skill level 1 in Air Magic
 18520 | D:11     | Noticed Harold
 18531 | D:10     | Killed Harold
 19089 | D:11     | Noticed a two-headed ogre
 19146 | D:10     | Killed a two-headed ogre
 19353 | D:11     | Noticed a death yak
 19367 | D:11     | Noticed a death yak
 19408 | D:11     | Noticed a death yak
 19416 | D:10     | HP: 2/64 [death yak (23)]
 19424 | D:10     | Killed a death yak
 19712 | D:10     | Killed a death yak
 19827 | D:10     | Killed a death yak
 20307 | D:11     | Reached skill level 10 in Spellcasting
 20468 | D:11     | Found a staircase to the Lair.
 20523 | D:11     | Got a transparent helmet
 20534 | D:11     | Identified the cursed -1 helmet of Cocytus {rF+ rC+ MP-9} (You found it on level 11 of the Dungeon)
 20930 | D:11     | Found Ovele's Antique Weapon Shop.
 21627 | D:11     | Offered knowledge of Bolt of Magma by Vehumet.
 21650 | D:11     | Reached XP level 13. HP: 39/68 MP: 13/27
 21832 | Lair:1   | Entered Level 1 of the Lair of Beasts
 21832 | Lair:1   | Noticed Thrkk's ghost (journeyman OgHu)
 21908 | Orc:1    | Entered Level 1 of the Orcish Mines
 21930 | Orc:1    | Reached skill level 10 in Conjurations
 22088 | Orc:1    | Learned a level 5 spell: Bolt of Magma
 22173 | Orc:1    | Reached skill level 1 in Earth Magic
 22779 | Orc:2    | Entered Level 2 of the Orcish Mines
 22872 | Orc:2    | Found a staircase to the Elven Halls.
 23135 | Orc:2    | Reached skill level 11 in Spellcasting
 23535 | Orc:2    | Found Peceyrch's Antique Armour Emporium.
 23535 | Orc:2    | Found Meiru's Gadget Shop.
 23800 | Orc:2    | HP: 3/68 [orc priest/divine providence (16)]
 24471 | Orc:2    | Found a roughly hewn altar of Beogh.
 24571 | Orc:2    | Offered knowledge of Spellforged Servitor by Vehumet.
 24619 | Orc:2    | Noticed an orc warlord
 24634 | Orc:2    | Slain by a troll

Vault maps used:
D:1:      doesnt_arrival_goblin_jail, hex_tiny, minmay_pentomino_s2
D:2:      nicolae_ru_awakened_eye, lemuel_round_altar, st_stairs_9,
          minmay_vboxes, uniq_natasha, uniq_robin
D:3:      nicolae_overflow_hidden_temple, first_bread,
          nemelex_dance_club_becter, uniq_jessica
D:4:      bh_walls_and_bars, uniq_grinder
D:5:      lemuel_round_altar, ashenzari_conservatory_becter,
          minmay_temple_entry_hall
D:6:      kennysheep_little_box, kiku_gazebo_garden_becter, tso_metal_star,
          nicolae_ossuary_entry_catacombs
D:7:      nicolae_overflow_crystal_walls, nemelex_xobeh_ov_fountains_minmay,
          kennysheep_mini, lemuel_blue_sif_altar
D:8:      disabler_island
D:9:      overflow_temple_1_default, hangedman_little_slice_of_home,
          hangedman_abyss_or_decor_slice, kennysheep_generic_room_10
D:10:     minmay_flawed_box, billiards_dpeg, uniq_josephine, uniq_snorg
D:11:     dpeg_lair_monsters, serial_shops, shop, nrook_pool_corridor,
          uniq_harold
D:12:     david_orc_3, serial_shops, shop, lab_entry_generic,
          kennysheep_crisscross
D:13:     serial_bayou_pond_a
Temple:   jpeg_temple_island
Lair:1:   dpeg_oklob_gauntlet
Orc:2:    st_orc_town
Ossuary:  minmay_ossuary_gauntlet

Skill      XL: |  1  2  3  4  5  6  7  8  9 10 11 12 13 |
---------------+----------------------------------------+-----
Fighting       | 1 2 3 |  3.1
Dodging        | 2 5 8 |  8.0
Conjurations   | 2 4 5 6 7 9 10 | 10.5
Spellcasting   | 3 5 6 7 9 10 11 | 11.5
Fire Magic     | 4 6 8 10 | 10.0
Stealth        | 8 9 |  9.1
Air Magic      | 3 |  3.0
Earth Magic    | 4 |  4.0

Action                   |  1- 3 |  4- 6 |  7- 9 | 10-12 | 13-15 || total
-------------------------+-------+-------+-------+-------+-------++-------
Melee: Mace              |    46 |    63 |   275 |       |       ||   384
       Unarmed           |    15 |       |       |       |       ||    15
       Demon trident     |       |       |    34 |    80 |       ||   114
       Trident           |       |       |       |   155 |    32 ||   187
 Cast: Flame Tongue      |    58 |    94 |    66 |    71 |    34 ||   323
       Throw Flame       |     1 |       |     2 |       |       ||     3
       Sticky Flame      |       |     2 |    42 |   142 |    60 ||   246
       Sting             |       |       |     2 |   107 |    28 ||   137
       Searing Ray       |       |       |    14 |    36 |     7 ||    57
       Fireball          |       |       |     3 |    44 |     3 ||    50
       Ignite Poison     |       |       |       |     8 |       ||     8
       Stone Arrow       |       |       |       |     6 |     1 ||     7
       Conjure Flame     |       |       |       |     2 |       ||     2
       Lightning Bolt    |       |       |       |     3 |     1 ||     4
       Bolt of Magma     |       |       |       |       |    23 ||    23
Evoke: Wand              |       |       |     4 |       |     3 ||     7
  Use: Potion            |     1 |       |     2 |     7 |     2 ||    12
       Scroll            |       |       |     9 |    21 |     2 ||    32
 Stab: Sleeping          |     4 |     4 |     1 |     1 |       ||    10
       Distracted        |       |       |       |     1 |       ||     1
  Eat: Chunk             |     4 |     9 |    14 |    48 |    17 ||    92
       Fruit             |       |       |     4 |     1 |       ||     5
       Meat ration       |       |       |     3 |     1 |       ||     4
Armor: Robe              |    50 |    49 |   179 |   217 |    30 ||   525
Dodge: Dodged            |   121 |    83 |   299 |   412 |    83 ||   998
